 Dungeon Crawl Stone Soup version 0.27.0-1-g7a089689b8 (webtiles) character file.

Game seed: 2933092829616446586

100 nicksoapdish the Conjurer (level 4, -5/27 HPs)
             Began as an Octopode Conjurer on Aug 4, 2021.
             Slain by Grinder (8 damage)
             ... while paralysed by Grinder
             ... on level 3 of the Dungeon.
             The game lasted 00:11:07 (3019 turns).

nicksoapdish the Conjurer (Octopode Conjurer)       Turns: 3019, Time: 00:11:08

Health: -5/27      AC:  1    Str:  6    XL:     4   Next: 74%
Magic:  1/8        EV:  2    Int: 21    God:
Gold:   67         SH:  0    Dex: 10    Spells: 3/9 levels left

rFire    . . .     SeeInvis .   b - +0 dagger
rCold    . . .     Faith    .   (no shield)
rNeg     . . .     Spirit   .   (helmet restricted)
rPois    .         Reflect  +   d - amulet of reflection
rElec    .         Harm     .   (no ring)
rCorr    .         Rampage  .   (no ring)
Will     .....                  (no ring)
Stlth    +++.......             (no ring)
HPRegen  0.09/turn              (no ring)
MPRegen  0.11/turn              (no ring)
                                (no ring)
                                (no ring)

@: paralysed, hasted
A: almost no armour, amphibious, 8 rings, camouflage 1, gelatinous body 1,
(nimble swimmer 1), tentacles
a: no special abilities


You were on level 3 of the Dungeon.
You visited 1 branch of the dungeon, and saw 3 of its levels.

You collected 67 gold pieces.

Inventory:

Hand Weapons
 b - a +0 dagger (weapon)
Missiles
 c - 44 stones
Jewellery
 d - an amulet of reflection (around mantle)
Potions
 e - a potion of curing
 f - a potion of might {unknown}


   Skills:
 + Level 0.1 Fighting
 + Level 0.6 Short Blades
 - Level 2.0 Dodging
 - Level 3.0 Stealth
 * Level 3.1 Spellcasting
 + Level 5.1 Conjurations


You had 3 spell levels left.
You knew the following spells:

 Your Spells              Type           Power      Damage    Failure   Level
a - Magic Dart            Conj           96%        1d7       1%          1
b - Searing Ray           Conj           48%        3d5       2%          2
c - Dazzling Flash        Conj/Hex       28%        N/A       14%         3

Your spell library contained the following spells:

 Spells                   Type           Power      Damage    Failure   Level
 Summon Guardian Golem    Hex/Summ       3%         N/A       36%         3
 Fulminant Prism          Conj/Hex       7%         3d7       41%         4
 Iskenderun's Mystic Bla  Conj/Tloc      14%        2d5       41%         4
 Orb of Destruction       Conj           12%        9d6       100%        7
 Spellforged Servitor     Conj/Summ      7%         N/A       100%        7


Dungeon Overview and Level Annotations

Branches:
Dungeon (3/15)

Altars:
Gozag
Okawaru
Qazlal
Xom

Shops:
D:3 ?

Annotations:
D:3 exclusions: door and 1 more exclusion, Grinder, Ijyb, Sigmund


Innate Abilities, Weirdness & Mutations

You cannot wear most types of armour.
You are amphibious.
You can wear up to eight rings at the same time.
Your skin changes colour to match your surroundings (Stealth+).
Your rubbery body absorbs attacks. (AC +1, EV +1)
((You are camouflaged near water. (Stealth+)))
You have tentacles for arms and can constrict up to eight enemies at once.


Message History

Aiming: Magic Dart (safe; 1% risk of failure)
Press: ? - help, Shift-Dir - straight line, f/p - Grinder
Aim: Grinder (severely wounded, 100% to hit)
The magic dart hits Grinder but does no damage.
Grinder is severely wounded.
Casting: Magic Dart (safe; 1% risk of failure)
Confirm with . or Enter, or press ? or * to list all spells.
Aiming: Magic Dart (safe; 1% risk of failure)
Press: ? - help, Shift-Dir - straight line, f/p - Grinder
Aim: Grinder (severely wounded, 100% to hit)
The magic dart hits Grinder.
Grinder is severely wounded.
Grinder gestures at you.
You suddenly lose the ability to move!
Grinder gestures at you. Pain shoots through your body! Grinder hits you. x2
You writhe in agony.
* * * LOW HITPOINT WARNING * * *
You can move again.
It was a potion of curing.
You feel better.
Grinder says, "I used to sell toenails on the black market."
Grinder gestures at you.
You shrug off the repeated paralysis!
It was a potion of haste.
You feel yourself speed up. Grinder hits you.
You writhe in agony.
Casting: Magic Dart (safe; 1% risk of failure)
Confirm with . or Enter, or press ? or * to list all spells.
Aiming: Magic Dart (safe; 1% risk of failure)
Press: ? - help, Shift-Dir - straight line, f/p - Grinder
Aim: Grinder (severely wounded, 100% to hit)
The magic dart hits Grinder.
Grinder is almost dead.
Grinder gestures at you.
You suddenly lose the ability to move!
Grinder gestures at you. Pain shoots through your body!
* * * LOW HITPOINT WARNING * * *
Grinder hits you!
You die...

####### #.....#
#.....# #####.....#
###########.........#
..........'.....@..>#
###########..(.5###.#
#.....# #.# #.....#
#.# #.##### #.# #.#
#.# #.# #.# ####'###
#.# #......# #.#


You could see Grinder.

Vanquished Creatures
  Jessica (D:3)
  3 adders (D:3)
  2 worms
  A dart slug (D:3)
  An orc (D:3)
  4 bats
  4 endoplasms
  3 giant cockroaches
  2 goblins
  2 hobgoblins (D:2)
  2 jackals (D:2)
  4 kobolds
  A quokka (D:2)
  4 ball pythons
  2 frilled lizards (D:1)
  4 rats
40 creatures vanquished.

Notes
Turn   | Place    | Note
-------+----------+-------------------------------------------
     0 | D:1      | nicksoapdish the Octopode Conjurer began the quest for the
                  | Orb.
     0 | D:1      | Reached XP level 1. HP: 11/11 MP: 3/3
   604 | D:1      | Reached XP level 2. HP: 15/17 MP: 0/5
   920 | D:1      | Learned a level 2 spell: Searing Ray
  1451 | D:2      | Reached XP level 3. HP: 21/21 MP: 2/6
  1455 | D:2      | Learned a level 3 spell: Dazzling Flash
  2074 | D:3      | Noticed Sigmund
  2109 | D:3      | Found a shimmering altar of Xom.
  2111 | D:3      | Noticed Ijyb
  2151 | D:3      | Found an iron altar of Okawaru.
  2152 | D:3      | Found a stormy altar of Qazlal.
  2223 | D:3      | Noticed Jessica
  2229 | D:3      | Killed Jessica
  2230 | D:3      | Reached XP level 4. HP: 27/27 MP: 2/8
  2385 | D:3      | Reached skill level 5 in Conjurations
  2471 | D:3      | Found Gikh's Magic Scroll Boutique.
  2708 | D:3      | Found an opulent altar of Gozag.
  2720 | D:3      | Noticed Grinder
  2989 | D:3      | Paralysed by Grinder for 6 turns
  3000 | D:3      | Paralysed by Grinder for 4 turns
  3014 | D:3      | Paralysed by Grinder for 7 turns
  3019 | D:3      | Slain by Grinder

Illustrated notes

Levels and vault maps discovered:
D:1:      sevenhm_arrival_forest_fort_large_3, layout_basic
D:2:      layout_basic
D:3:      layout_basic, nicolae_gozag_cash_rules_everything_around_me,
          overflow_temple_1_default, grunt_temple_overflow_open, serial_shops,
          shop, hellmonk_ecumenical_altar_inner_sanctum, uniq_ijyb,
          uniq_jessica, uniq_grinder, uniq_sigmund

Skill      XL: |  1  2  3  4 |
---------------+-------------+-----
Stealth        | 3 |  3.0
Conjurations   | 5 |  5.1
Spellcasting   | 3 |  3.1
Fighting       | |  0.1
Short Blades   | |  0.6
Dodging        | |  2.0

Action                   |  1- 3 |  4- 6 || total
-------------------------+-------+-------++-------
Melee: Dagger            |    14 |     1 ||    15
       Constrict         |     4 |     1 ||     5
       Tentacles         |     2 |       ||     2
 Cast: Magic Dart        |    47 |    25 ||    72
       Searing Ray       |     3 |     4 ||     7
  Use: Scroll            |       |     3 ||     3
       Potion            |       |     2 ||     2
Armor: Skin              |     3 |     1 ||     4
Dodge: Dodged            |    20 |       ||    20
Block: Other             |     2 |     1 ||     3
